 Dungeon Crawl Stone Soup version 0.27.1-37-g7b29ead8ac (console) character file.

Game seed: 15827287535983255922

139645 grimtooth the Devastator (level 16, -12/96 HPs)
             Began as a Deep Elf Hedge Wizard on Sept 24, 2023.
             Was the Champion of Kikubaaqudgha.
             Mangled by a naga warrior (26 damage)
             ... on level 4 of the Snake Pit on Sept 25, 2023.
             The game lasted 04:48:17 (44496 turns).

grimtooth the Devastator (Deep Elf Hedge Wizard)   Turns: 44496, Time: 04:48:21

Health: -12/96     AC: 11    Str:  7    XL:     16   Next: 74%
Magic:  6/34       EV: 20    Int: 27    God:    Kikubaaqudgha [******]
Gold:   2002       SH:  5    Dex: 14    Spells: 8/39 levels left

rFire    + . .     SeeInvis +   a - +2 dagger (elec)
rCold    + + .     Faith    .   Y - +0 buckler
rNeg     . . .     Spirit   .   H - +0 steam dragon scales
rPois    +         Reflect  .   Z - +2 hat {Will+}
rElec    .         Harm     .   V - scarf {rC+ rF+}
rCorr    .         Rampage  .   W - +2 pair of gloves of the Wasteland {Regen+}
Will     ++...                  v - +0 pair of boots
Stlth    +++++.....             (no amulet)
HPRegen  1.26/turn              D - +4 ring of evasion
MPRegen  0.24/turn              L - ring of Onou {Drain rPois rC+ SInv}

@: studying Summonings
A: no striking features
a: Renounce Religion, Receive Corpses, Torment, Brand Weapon With Pain, Receive
Forbidden Knowledge


You were on level 4 of the Snake Pit.
You worshipped Kikubaaqudgha.
Kikubaaqudgha was exalted by your worship.
You visited 5 branches of the dungeon, and saw 28 of its levels.
You also visited: Ice Cave.

You collected 3076 gold pieces.
You spent 1074 gold pieces at shops.

Inventory:

Hand Weapons
 a - a +2 dagger of electrocution (weapon)
Missiles
 e - 103 poisoned darts (quivered)
 Q - 3 curare-tipped darts
Armour
 v - a +0 pair of boots (worn)
 H - +0 steam dragon scales (worn)
 V - a scarf of resistance (worn)
 W - the +2 pair of gloves of the Wasteland (worn) {Regen+}
   (You bought it in a shop on level 3 of the Dungeon)

   Regen:     It increases your rate of health regeneration.
 Y - a +0 buckler (worn)
 Z - a +2 hat of willpower (worn)
Magical Staves
 b - a staff of conjuration
 y - a staff of cold
Jewellery
 B - a ring of flight
 C - a ring of resist corrosion
 D - a +4 ring of evasion (left hand)
 L - the ring of Onou (right hand) {Drain rPois rC+ SInv}
   (You found it on level 8 of the Dungeon)

   [ring of see invisible]

   rC:        It protects you from cold.
   rPois:     It protects you from poison.
   SInv:      It lets you see invisible.
   Drain:     It drains your maximum health when unequipped.
Wands
 c - a wand of acid (9)
 h - a wand of flame (34)
 k - a wand of paralysis (9)
 A - a wand of mindburst (12)
 I - a wand of polymorph (16)
 M - a wand of iceblast (37)
 X - a wand of charming (3)
Scrolls
 f - a scroll of silence
 j - 9 scrolls of fog
 p - 2 scrolls of fear
 t - 6 scrolls of enchant armour
 u - 5 scrolls of magic mapping
 x - 16 scrolls of teleportation
 G - 3 scrolls of vulnerability
 K - 4 scrolls of summoning
Potions
 g - 2 potions of cancellation
 i - a potion of haste
 m - 2 potions of curing
 n - a potion of ambrosia
 o - 4 potions of might
 q - 4 potions of resistance
 r - 2 potions of magic
 s - 5 potions of flight
 O - 2 potions of brilliance
Miscellaneous
 w - a tin of tremorstones (2/2)
 S - a condenser vane
 T - a lightning rod (4/4)
 U - a box of beasts


   Skills:
 - Level 9.0 Fighting
 - Level 6.0 Short Blades
 - Level 9.0 Staves
 - Level 9.0 Dodging
 - Level 12.0 Stealth
 - Level 6.0 Shields
 - Level 12.0 Spellcasting
 - Level 18.0 Conjurations
 - Level 6.0 Summonings
 - Level 8.6 Necromancy
 - Level 6.0 Translocations
 - Level 6.0 Fire Magic
 + Level 8.4 Evocations


You had 8 spell levels left.
You knew the following spells:

 Your Spells              Type           Power      Damage    Failure   Level
a - Magic Dart            Conj           100%       1d8       0%          1
b - Conjure Flame         Conj/Fire      69%        6-21      1%          3
c - Mephitic Cloud        Conj/Pois/Air  48%        N/A       1%          3
d - Sticky Flame          Conj/Fire      69%        2d8       1%          4
e - Foxfire               Conj/Fire      100%       2x1d9     1%          1
f - Iskenderun's Mystic   Conj/Tloc      69%        2d14      1%          4
k - Blink                 Tloc           N/A        N/A       1%          2
t - Orb of Destruction    Conj           42%        9d14      1%          7
x - Animate Dead          Necr           29%        N/A       1%          4
P - Call Imp              Summ           48%        N/A       1%          2

Your spell library contained the following spells:

 Spells                   Type           Power      Damage    Failure   Level
 Animate Skeleton         Necr           100%       N/A       1%          1
 Apportation              Tloc           96%        N/A       1%          1
 Pain                     Necr           100%       1d9       1%          1
 Summon Small Mammal      Summ           100%       N/A       1%          1
 Corpse Rot               Necr/Air       N/A        N/A       1%          2
 Static Discharge         Conj/Air       59%        N/A       1%          2
 Sublimation of Blood     Necr           29%        N/A       1%          2
 Dazzling Flash           Conj/Hex       100%       N/A       1%          3
 Gell's Gravitas          Tloc           24%        N/A       1%          3
 Teleport Other           Tloc           48%        N/A       1%          3
 Vampiric Draining        Necr           29%        2d10      1%          3
 Dispel Undead            Necr           58%        3d21      1%          4
 Hailstorm                Conj/Ice       59%        3d13      1%          4
 Fireball                 Conj/Fire      34%        3d14      1%          5
 Excruciating Wounds      Necr           29%        N/A       2%          5
 Irradiate                Conj/Tmut      29%        3d23      2%          5
 Corona                   Hex            17%        N/A       3%          1
 Freeze                   Ice            64%        1d8       3%          1
 Inner Flame              Hex/Fire       32%        N/A       3%          3
 Summon Guardian Golem    Hex/Summ       32%        N/A       3%          3
 Starburst                Conj/Fire      34%        6d10      3%          6
 Poisonous Vapours        Pois/Air       32%        N/A       5%          2
 Slow                     Hex            16%        N/A       5%          2
 Freezing Cloud           Conj/Ice/Air   24%        6-21      9%          5
 Manifold Assault         Tloc           48%        N/A       9%          5
 Frozen Ramparts          Ice            32%        1d5       11%         3
 Ozocubu's Armour         Ice            16%        N/A       11%         3
 Iron Shot                Conj/Erth      29%        9d6       13%         6
 Death Channel            Necr           29%        N/A       16%         6
 Borgnjor's Vile Clutch   Necr/Erth      19%        N/A       17%         5
 Spellforged Servitor     Conj/Summ      34%        N/A       22%         7
 Petrify                  Tmut/Erth      16%        N/A       34%         4
 Dispersal                Tloc           24%        N/A       41%         6
 Alistair's Intoxication  Tmut/Pois      10%        N/A       67%         5
 Blade Hands              Tmut           8%         N/A       67%         5
 Metabolic Englaciation   Hex/Ice        8%         N/A       67%         5
 Yara's Violent Unravell  Hex/Tmut       8%         3d5       67%         5
 Simulacrum               Ice/Necr       19%        N/A       67%         6
 Invisibility             Hex            8%         N/A       99%         6
 Statue Form              Tmut/Erth      10%        N/A       99%         6
 Dragon Form              Tmut           8%         N/A       100%        7
 Storm Form               Tmut/Air       8%         N/A       100%        7
 Ignition                 Fire           24%        3d8       100%        8


Dungeon Overview and Level Annotations

Branches:
Dungeon (15/15)            Temple (1/1) D:5            Lair (6/6) D:8
  Swamp (0/4) Lair:3        Snake (4/4) Lair:3        Slime (0/5) Lair:5
    Orc (2/2) D:12            Elf (0/3) Orc:2        Vaults (0/5) D:14
 Depths (0/5) D:15          IceCv (visited)

Altars:
Ashenzari
Cheibriados
Dithmenos
Elyvilon
Fedhas
Gozag
Hepliaklqana
Kikubaaqudgha
Makhleb
Nemelex Xobeh
Okawaru
Qazlal
Ru
Sif Muna
Trog
Uskayaw
Vehumet
Wu Jian
Xom
Yredelemnul
Zin
The Shining One
Beogh

Shops:
D:3 [   D:4 =   D:10 *[=   D:12 *[   Orc:2 (?([*   Snake:1 *:*[!:*   Snake:3 [*

Annotations:
D:6 3 runed translucent doors, cbfl8's ghost, weakling MiDe
D:9 1 runed translucent door
D:11 3 runed translucent doors, hilljack's ghost, journeyman GrEE
Snake:1 1 runed translucent door, grimtooth's ghost, adept DsAK
Snake:4 exclusion: black mamba


Message History

The shock serpent bites you. The shock serpent shocks you!
Casting: Sticky Flame (safe; 1% risk of failure)
Confirm with . or Enter, or press ? or * to list all spells.
You erupt in a blast of force!
The mystic blast hits the shock serpent!!
The shock serpent is almost dead.
The shock serpent is knocked back by the mystic blast.
The mystic blast hits the naga warrior!!
The naga warrior is heavily wounded.
The naga warrior is knocked back by the mystic blast.
The naga warrior slams into the rock wall!
The shock serpent's electric aura discharges, shocking you!
The shock serpent burns!
You kill the shock serpent!
Kikubaaqudgha accepts your kill.
The air sparks with electricity, shocking you!
You block the naga warrior's attack. The naga warrior grabs you.
You stop ascending the stairs.
The naga warrior constricts you. The naga mage spits poison at you.
The splash of poison misses you.
Unknown command.
Press: ? - help, v - describe, . - travel
Here: a naga warrior, wielding a +0 long sword (heavily wounded, constricting you)
The floor.
The naga warrior's grasp on you weakens, but your attempt to escape fails.
The naga warrior barely misses you. The naga warrior constricts you.
Okay, then.
Casting: Iskenderun's Mystic Blast (safe; 1% risk of failure)
Confirm with . or Enter, or press ? or * to list all spells.
The naga warrior's grasp on you weakens, but your attempt to escape fails.
The naga no longer looks unusually strong.
The naga warrior barely misses you. The naga warrior constricts you.
Casting: Blink (safe; 1% risk of failure)
Confirm with . or Enter, or press ? or * to list all spells.
You escape the naga warrior's grasp.
You blink.
The naga mage hits you from afar with a +0 halberd!!
* * * LOW HITPOINT WARNING * * *
The naga warrior hits you with a +0 long sword!!
You die...
Kikubaaqudgha rasps: "You have failed me!
Welcome... death!"

.........
.....N...
##........
##....S....
#....°.....
##.⌠........
#.....#
+##N##.N..#
##N## .⌠.<#
#.†.# ..##
#@))# ##
#N).# ##§##
###


You could see a naga warrior, a naga mage (strong, catching breath) and a naga.

Vanquished Creatures
  Saint Roka (Orc:2)
  Frances (D:14)
  A frost giant (IceCv)
  2 nagarajas (Snake:2)
  Louise (Snake:2)
  An orc warlord (Orc:2)
  Azrael (Orc:2)
  Josephine (D:11)
  A fire dragon (D:15)
  A salamander tyrant (Snake:3)
  11 naga warriors
  3 vault guards (D:14)
  2 boulder beetles
  A two-headed ogre (D:8)
  5 anacondas
  7 hydras
  4 centaur warriors
  A catoblepas (Lair:6)
  A deep troll shaman (Lair:6)
  10 death yaks
  3 naga sharpshooters
  6 orc high priests (Orc:2)
  6 shock serpents
  Nergalle (D:10)
  8 skeletal warriors
  3 salamander mystics (Snake:3)
  4 orc knights
  2 naga ritualists
  A deep elf zephyrmancer (Orc:2)
  2 deep elf pyromancers
  A necromancer (D:15)
  10 mana vipers
  A wolf spider zombie (D:15)
  2 oklob plants (Lair:5)
  4 ugly things
  3 orc sorcerers
  4 cyclopes
  2 manticores
  8 salamanders
  9 naga magi
  4 guardian serpents
  An ice statue (IceCv)
  20 black mambas
  3 elephants (Lair:6)
  6 cane toads
  2 gargoyles
  5 rime drakes
  A yaktaur (D:15)
  An unseen horror (D:11)
  A kobold demonologist (D:12)
  2 freezing wraiths (D:15)
  14 polar bears
  15 komodo dragons
  11 trolls
  Prince Ribbit (D:9)
  A hornet (Lair:2)
  6 blink frogs
  24 slime creatures
  10 dream sheep (Lair:6)
  5 spriggans (D:9)
  A vampire (D:12)
  A water elemental (D:15)
  A spriggan (shapeshifter) (D:15)
  A centaur simulacrum (D:15)
  2 shadows
  7 wyverns
  5 fire elementals
  5 wraiths
  3 basilisks
  A steam dragon (D:10)
  47 yaks
  7 humans (D:14)
  4 vampire mosquitoes
  11 wargs
  27 nagas
  Edmund (D:6)
  2 hell hounds (Orc:2)
  11 water moccasins
  2 black bears (Lair:6)
  20 orc warriors
  An ice beast (D:5)
  15 centaurs
  A necrophage (D:5)
  7 ogres
  A phantom (D:5)
  34 wolves
  3 kobold brigands
  A gnoll sergeant (D:12)
  6 bullfrogs
  5 scorpions
  A water moccasin zombie (D:6)
  A wyvern skeleton (D:6)
  11 killer bees
  A howler monkey (D:14)
  4 electric eels
  A crimson imp (Orc:2)
  A bullfrog zombie (D:5)
  9 centaur zombies
  40 orc priests
  A hound (D:5)
  2 centaur skeletons
  A jelly (D:7)
  A bullfrog skeleton (D:7)
  An iron imp (Orc:2)
  A gnoll shaman (D:8)
  9 iguanas
  21 orc wizards
  A polar bear simulacrum (Lair:1)
  A killer bee zombie (D:9)
  A howler monkey zombie (D:8)
  17 gnolls
  10 adders
  A shadow imp (Orc:2)
  2 white imps
  2 ufetubi
  2 worms
  5 dart slugs
  100 orcs
  7 endoplasms
  9 giant cockroaches
  3 goblins
  8 hobgoblins
  4 jackals (D:3)
  22 kobolds
  3 quokkas
  6 ball pythons
  5 bats
  2 frilled lizards (D:1)
  3 rats
  A bush (Lair:5)
823 creatures vanquished.

Vanquished Creatures (collateral kills)
  A two-headed ogre (D:9)
  A naga sharpshooter (Snake:3)
  A naga mage (Snake:2)
  A black mamba (Snake:3)
  A steam dragon (D:7)
  A warg (Orc:1)
  4 nagas
  A hell hound (Orc:2)
  A swamp drake (Orc:2)
  A wolf (Lair:3)
  A kobold brigand (D:9)
  A scorpion (D:5)
  2 orc priests (Orc:2)
  An iguana (Lair:3)
  3 gnolls
  A worm (D:2)
  4 orcs
  An endoplasm (D:4)
27 creatures vanquished.

Vanquished Creatures (others)
  An efreet (D:14)
  2 humans (D:14)
  A killer bee (D:7)
  An orc wizard (Orc:2)
  A howler monkey zombie (D:9)
  A white imp (Orc:2)
  917 foxfires
  28 fungi
  113 plants
1065 creatures vanquished.

Grand Total: 1915 creatures vanquished

Notes
Turn   | Place    | Note
-------+----------+-------------------------------------------
     0 | D:1      | grimtooth the Deep Elf Hedge Wizard began the quest for the
                  | Orb.
     0 | D:1      | Reached XP level 1. HP: 10/10 MP: 7/7
   285 | D:1      | Reached XP level 2. HP: 15/15 MP: 7/9
   432 | D:1      | Reached skill level 2 in Conjurations
   950 | D:2      | Learned a level 2 spell: Call Imp
  1000 | D:2      | Reached XP level 3. HP: 19/19 MP: 4/10
  1633 | D:2      | Reached skill level 3 in Conjurations
  2000 | D:2      | Reached XP level 4. HP: 24/24 MP: 2/12
  2249 | D:3      | Found a blossoming altar of Fedhas.
  2485 | D:3      | Found a faded altar of an unknown god.
  2829 | D:3      | Found Plog's Antique Armour Boutique.
  3068 | D:4      | Learned a level 2 spell: Blink
  3073 | D:4      | Learned a level 1 spell: Foxfire
  3151 | D:4      | Reached skill level 4 in Conjurations
  3245 | D:4      | Reached XP level 5. HP: 26/28 MP: 9/13
  3526 | D:4      | Found Farem's Jewellery Shop.
  3729 | D:3      | Reached skill level 5 in Stealth
  4272 | D:4      | Found a sparkling altar of Nemelex Xobeh.
  5016 | D:5      | Entered Level 5 of the Dungeon
  5160 | D:5      | Reached skill level 5 in Conjurations
  5278 | D:5      | Noticed a phantom
  5300 | D:5      | Reached XP level 6. HP: 27/32 MP: 12/14
  5507 | D:5      | Reached skill level 6 in Conjurations
  5599 | D:4      | Learned a level 3 spell: Conjure Flame
  5648 | D:5      | Found a staircase to the Ecumenical Temple.
  5700 | Temple   | Entered the Ecumenical Temple
  6003 | Temple   | Became a worshipper of Kikubaaqudgha
  6087 | D:5      | Noticed an ice beast
  6093 | D:5      | Killed an ice beast
  6094 | D:5      | Reached XP level 7. HP: 36/36 MP: 12/16
  6127 | D:5      | Reached skill level 5 in Spellcasting
  6486 | D:5      | Reached skill level 7 in Conjurations
  7252 | D:6      | Reached XP level 8. HP: 34/41 MP: 10/18
  7413 | D:6      | Reached * piety under Kikubaaqudgha
  7413 | D:6      | Received a gift from Kikubaaqudgha
  7637 | D:6      | Reached skill level 8 in Conjurations
  7852 | D:6      | Noticed Edmund
  7896 | D:6      | Reached skill level 5 in Summonings
  8602 | D:6      | Found a runed translucent gate.
  8602 | D:6      | Noticed cbfl8's ghost (weakling MiDe)
  8603 | D:6      | Found a runed translucent gate.
  8604 | D:6      | Found a runed translucent gate.
  8797 | D:5      | Reached skill level 9 in Conjurations
  8801 | D:5      | Learned a level 3 spell: Mephitic Cloud
  8913 | D:5      | Found a shimmering blue altar of Sif Muna.
  8940 | D:5      | Found a broken altar of Ashenzari.
  9251 | D:7      | Reached skill level 1 in Fire Magic
  9724 | D:7      | Reached XP level 9. HP: 45/45 MP: 13/20
 10096 | D:8      | Noticed a two-headed ogre
 10257 | D:7      | Reached skill level 5 in Fire Magic
 10836 | D:8      | Identified the ring of Onou {Drain rPois rC+ SInv}
 10884 | D:8      | Found a staircase to the Lair.
 11108 | D:6      | Learned a level 4 spell: Sticky Flame
 11120 | D:6      | Killed Edmund
 11121 | D:6      | Reached skill level 10 in Conjurations
 11503 | D:9      | Reached skill level 1 in Fighting
 11660 | D:9      | Reached ** piety under Kikubaaqudgha
 11882 | D:9      | Noticed a two-headed ogre
 11915 | D:9      | Noticed a troll
 11955 | D:9      | Killed a troll
 12250 | D:9      | Noticed a manticore
 12322 | D:8      | Killed a two-headed ogre
 12323 | D:8      | Reached XP level 10. HP: 56/56 MP: 5/21
 12555 | D:9      | Noticed a cyclops
 12589 | D:9      | Killed a two-headed ogre
 12731 | D:9      | Killed a manticore
 12732 | D:9      | Reached skill level 5 in Fighting
 12732 | D:9      | Reached skill level 11 in Conjurations
 12757 | D:9      | Killed a cyclops
 12790 | D:9      | Noticed Prince Ribbit
 12798 | D:9      | Killed Prince Ribbit
 13738 | D:9      | Found a runed translucent door.
 13844 | D:9      | Reached skill level 1 in Short Blades
 13986 | D:9      | Reached skill level 5 in Dodging
 14215 | D:9      | Noticed a centaur warrior
 14262 | D:10     | Entered Level 10 of the Dungeon
 14326 | D:10     | Found Utecsyam's Antique Armour Shop.
 14345 | D:10     | Noticed Nergalle
 14714 | D:10     | Reached XP level 11. HP: 64/64 MP: 12/22
 14972 | D:10     | Found Etoon's Jewellery Boutique.
 15177 | D:10     | Reached *** piety under Kikubaaqudgha
 15177 | D:10     | Received a gift from Kikubaaqudgha
 15220 | D:10     | Found Elumas's General Store.
 15598 | D:10     | Killed Nergalle
 15754 | D:3      | Bought an embroidered scarf for 152 gold pieces
 15754 | D:3      | Bought a pair of smoking gloves for 180 gold pieces
 15754 | D:3      | Identified the +2 pair of gloves of the Wasteland {Regen+}
                  | (You bought it in a shop on level 3 of the Dungeon)
 15772 | D:3      | - well thats pretty sweet
 16081 | D:11     | Reached skill level 12 in Conjurations
 16358 | D:11     | Found a runed translucent gate.
 16358 | D:11     | Found a runed translucent gate.
 16358 | D:11     | Found a runed translucent gate.
 16358 | D:11     | Noticed hilljack's ghost (journeyman GrEE)
 16360 | D:11     | Found a basalt altar of Yredelemnul.
 16449 | D:11     | Noticed a green ugly thing
 16486 | D:11     | Killed a green ugly thing
 16579 | D:11     | Reached skill level 5 in Short Blades
 17300 | D:11     | Noticed Josephine
 17314 | D:11     | Killed Josephine
 18329 | D:12     | Found Fassurup's Assorted Antiques.
 18334 | D:12     | Reached XP level 12. HP: 68/70 MP: 19/24
 18341 | D:12     | Bought a scroll labelled YPA FIDARAPS for 20 gold pieces
 18341 | D:12     | Bought a scroll labelled ECUKHL ADGHO for 20 gold pieces
 18423 | D:12     | Found a staircase to the Orcish Mines.
 18425 | D:12     | Found Koam's Armour Emporium.
 18655 | D:12     | Reached **** piety under Kikubaaqudgha
 19177 | Lair:1   | Entered Level 1 of the Lair of Beasts
 19178 | Lair:1   | - oh the double portal
 19194 | Lair:1   | Found a frozen archway.
 19216 | IceCv    | Entered an ice cave
 19654 | IceCv    | Noticed a death yak
 19658 | IceCv    | Reached skill level 13 in Conjurations
 19738 | IceCv    | Killed a death yak
 20077 | IceCv    | Reached skill level 14 in Conjurations
 20119 | IceCv    | Noticed a death yak
 20121 | IceCv    | Noticed a frost giant
 20132 | IceCv    | Killed a frost giant
 20187 | IceCv    | Killed a death yak
 20362 | IceCv    | Noticed a death yak
 20364 | IceCv    | Noticed a death yak
 20380 | IceCv    | Killed a death yak
 20390 | IceCv    | Killed a death yak
 20391 | IceCv    | Reached skill level 15 in Conjurations
 20399 | IceCv    | Learned a level 7 spell: Orb of Destruction
 20451 | IceCv    | Reached skill level 1 in Shields
 20474 | IceCv    | Reached ***** piety under Kikubaaqudgha
 20503 | IceCv    | Reached XP level 13. HP: 56/74 MP: 6/28
 20708 | Lair:1   | Found a glowing silver altar of Zin.
 22334 | Lair:3   | Found a staircase to the Swamp.
 22342 | Lair:3   | Found a hide-covered altar of Uskayaw.
 22617 | Lair:3   | Reached skill level 10 in Spellcasting
 23337 | Lair:3   | Reached skill level 5 in Shields
 23362 | Lair:3   | Found an ornate altar of the Wu Jian Council.
 23582 | Lair:3   | Found a staircase to the Snake Pit.
 24908 | Lair:4   | Reached skill level 1 in Evocations
 25749 | Lair:5   | Noticed Nessos
 26056 | Lair:6   | Entered Level 6 of the Lair of Beasts
 27028 | Lair:6   | Reached skill level 5 in Evocations
 27096 | Lair:6   | Reached XP level 14. HP: 80/80 MP: 22/32
 28071 | Lair:6   | Reached skill level 10 in Stealth
 28487 | Lair:5   | Noticed Nessos
 28487 | Lair:5   | Nessos changed into Nessos the mana viper
 28503 | Lair:5   | Killed Nessos the mana viper
 28639 | Lair:5   | Found a staircase to the Slime Pits.
 28969 | Lair:5   | Got Sif Muna's Incunabulum of Entrancing Stones
 29401 | Orc:1    | Entered Level 1 of the Orcish Mines
 29636 | Orc:1    | Reached ****** piety under Kikubaaqudgha
 30545 | Orc:2    | Entered Level 2 of the Orcish Mines
 30545 | Orc:2    | Noticed an orc warlord
 30691 | Orc:2    | - i think i have a priest problem here
 30691 | Orc:2    | Noticed Saint Roka
 30692 | Orc:2    | - oh its you
 30744 | Orc:2    | Killed Saint Roka
 30745 | Orc:2    | - yay
 30901 | Orc:2    | Killed an orc warlord
 30920 | Orc:2    | Reached skill level 16 in Conjurations
 31528 | Orc:2    | Noticed Azrael
 31568 | Orc:2    | Killed Azrael
 31569 | Orc:2    | Reached skill level 1 in Necromancy
 31725 | Orc:2    | Found a staircase to the Elven Halls.
 32094 | Orc:2    | Found Qeorrul's Weapon Boutique.
 32170 | Orc:2    | Found Ciobuduf's Assorted Antiques.
 32170 | Orc:2    | Found Ehuoph's Armour Shop.
 32176 | Orc:2    | Bought a scroll labelled FIHE UMEUHUCRA for 22 gold pieces
 32376 | Orc:2    | Reached XP level 15. HP: 73/89 MP: 12/33
 32744 | Orc:2    | Found Woegewk's Magic Scroll Shoppe.
 32744 | Orc:2    | Found Gunux's Antique Weapon Shop.
 32748 | Orc:2    | - this is a truly ridiculous priest population
 33087 | Orc:2    | Identified the -3 hat "Cytonut" {rPois rN+}
 33235 | Orc:2    | Bought a scroll of identify for 30 gold pieces
 33235 | Orc:2    | Bought a scroll of enchant weapon for 112 gold pieces
 33235 | Orc:2    | Bought a scroll of identify for 30 gold pieces
 33235 | Orc:2    | Bought a scroll of identify for 30 gold pieces
 33235 | Orc:2    | Bought a scroll of identify for 30 gold pieces
 33235 | Orc:2    | Bought a scroll of identify for 30 gold pieces
 33235 | Orc:2    | Bought a scroll of identify for 30 gold pieces
 33235 | Orc:2    | Bought a scroll of identify for 30 gold pieces
 33316 | D:12     | Bought a scroll of identify for 40 gold pieces
 33316 | D:12     | Identified a scroll of acquirement
 33403 | Orc:2    | Bought a wand of iceblast (5) for 88 gold pieces
 33543 | D:10     | Bought a scroll of teleportation for 45 gold pieces
 33657 | Orc:2    | Bought 3 scrolls of magic mapping for 157 gold pieces
 34366 | D:13     | Reached skill level 5 in Necromancy
 34403 | D:14     | Found a radiant altar of Vehumet.
 34715 | D:14     | Noticed Frances
 34725 | D:14     | Killed Frances
 34726 | D:14     | Reached skill level 1 in Staves
 35644 | D:14     | Found a gate to the Vaults.
 35863 | D:15     | Entered Level 15 of the Dungeon
 37079 | D:15     | Reached skill level 5 in Staves
 37601 | D:15     | Found a staircase to the Depths.
 38158 | Snake:1  | Entered Level 1 of the Snake Pit
 38227 | Snake:1  | Learned a level 4 spell: Iskenderun's Mystic Blast
 38254 | Snake:1  | Found Qyuxzon's Book Boutique.
 38312 | Snake:1  | Found Xorirr's General Store.
 38434 | Snake:1  | Found Huntuacoll's Distillery.
 38475 | Snake:1  | Found Beclufeshrar's Antique Armour Shoppe.
 38485 | Snake:1  | Found Foith's General Store.
 38514 | Snake:1  | Found Boevin's Book Emporium.
 38536 | Snake:1  | - ig-NI-shhhonnn
 38692 | Snake:1  | Found a shimmering altar of Xom.
 38692 | Snake:1  | Noticed grimtooth's ghost (adept DsAK)
 38693 | Snake:1  | Found a runed translucent door.
 38701 | Snake:1  | - man youre a pretty old one
 38750 | Snake:1  | Found Zyceacibb's General Store.
 39472 | Snake:1  | Learned a level 4 spell: Animate Dead
 39474 | Snake:2  | - of all the spots for a hatch to land
 39477 | Snake:2  | - and that didnt work
 39528 | Snake:2  | - man this level is feeling tough
 39536 | Snake:2  | Reached skill level 5 in Translocations
 39830 | Snake:2  | Reached XP level 16. HP: 72/96 MP: 1/34
 40049 | Snake:2  | Noticed Louise
 40368 | Snake:2  | Reached skill level 17 in Conjurations
 42241 | Snake:2  | Killed Louise
 42623 | Snake:3  | Found Harchyaf's Armour Shop.
 42628 | Snake:3  | Found Dexeroer's General Store.
 42661 | Snake:3  | Bought a scroll of fog for 28 gold pieces
 44194 | Snake:4  | Entered Level 4 of the Snake Pit
 44318 | Snake:4  | Reached skill level 18 in Conjurations
 44496 | Snake:4  | Mangled by a naga warrior

Illustrated notes ......##########................. ..............##................. ..............##....##....>)..... ....#.........##....##........... ..............##.........#....... ..............##................. ................#................ ...............#.#............... ..............#...#.........####. #####........#..∩..##.......# #. #.........#.@.#.#....#### #. #..........#.#..##'### #. ####.##.#...#...##.# #. #.##.....#.#.##.# #. #.########......# #. #.# ######.# #. #.# #.# #. ####.# #.# #. #<##.# ### ## #.##.# #.##.# Turn 15772 on D:3: - well thats pretty sweet # ##########.#### ..........>.... #@......# ............... ####.##........ #. #........ .. ......... ## ##......# ....... .####.. Turn 19178 on Lair:1: - oh the double portal .# oo.## ... ##..... ....$...# ##...o... .......##..oo..... ..$....##...o.... #.......#o......$ .........o...... #..o....@...# #.o.h......## . #.h..........# ... ......##○oo............ ... .....o.§o.o........... ... #....ooooo............ ... #...o..o...##......... ... #...o.....####.$#..... ... #........## # #.. #.......# ## #<....# Turn 30691 on Orc:2: - i think i have a priest problem here .# ooo## ... ##.o... ....$...# ##.oo.... .......##.....o... ..$....##o....... #.......#..o....$ ................ #.o.....@...# #o.........## . #hh..........# ... ......##o○............. ... .....o.o○oo........... ... #....oooo............. ... #...o...o..##......... ... #...o.....####.$#..... ... #........## # #.. #.......# ## #<....# Turn 30692 on Orc:2: - oh its you .... .... .........#.... ..$........... ....... .......$..... ....... ###$....... ....... ##........#######....... #............##.$....... ..........o..#.......... ...o.....).o............ .......#....o○○○@[...... ......###.....°.....###. .....## #..........## ....## ##..#......# ...## ##.#....### ##.# ###..### #### #..# #### Turn 30745 on Orc:2: - yay

....................## #..
.............)..#.#############..
.......#..)[.....................
...........[......)..............
.....))...######..#######.###.###
..........#∩...#..# #.# #.# #
...[).....#....#..# #.###.###
..........#....#..# #o.......
..........#....#..###'###.###.###
..........###'##...o....o.# #.# #
).............§.@oo8...8o)# .# #
..........###'##.......oo.###.###
..........#....#.................
..........#....#..###.###.#######
..........#∩...#..# #.# #.# #
..........######..### #.#######
#####................ .........
#................ ......
#.........## ###### #.....#....#
#.........##


Turn 32748 on Orc:2: - this is a truly ridiculous priest population ###########
### ..........#####.# ................### ................## ##
#..............## #.. ##.@............## ...N #######................##
..#.##.......................## ...S.#..∩.................##..#
........##########.......###..# ?...#...# ###....## ##.. ........# #.....## #..
........# ##......####. ..#>....# #########.....∩...###
.....|..###..................## ...:...#......................# Turn 38536 on
Snake:1: - ig-NI-shhhonnn ..............# ............... ..............#
................ ....#........## #................
....#####..#.###................. ### #.##.#....................
#.##.................##... .##........# ##########... #. #........# ##.. #.
#.......## #.. # #[...##.####### ##.. ##..#..@......### #...
##..##+##.......####... #..#(W!# ............. ..####.## ............. ... ###
########..... ..... #....# ..... ######.... ... ####....#.... #............
............. .# #........#. Turn 38701 on Snake:1: - man youre a pretty old one
......⌠...N.. N..N....NN. .S..N..⌠. ....... ..⌠.. .S. ##N## ##..N## #.NN..# #S@
